Description

First attempt to adapt Vibe macro build for Plat. Trying to keep it as simple and smooth as possible, will update after trying it.

Build Order

Get SALT Encoding   

  13  0:23  Supply Depot  
  17  0:47  Barracks  
  17  0:57  Refinery  
  19  1:38  Marine  
  20  1:41  Command Center, Orbital Command  
  20  1:59  Factory  
  21  2:11  Barracks Tech Lab  
  21  2:28  Supply Depot  
  23  2:53  Refinery, Supply Depot  
  23  2:54  Siege Tank  
  26  3:00  Orbital Command  
  25  3:16  Command Center  
  27  3:38  Siege Tank  
  33  3:56  Engineering Bay  
  35  4:10  Supply Depot  
  35  4:23  Siege Tank  
  40  4:28  Orbital Command  
  42  4:46  Supply Depot  
  42  4:52  Missile Turret x2  
  42  4:59  Refinery x2  
  45  5:07  Siege Tank  
  45  5:10  Armory x2  
  56  5:36  Factory x2  
  62  6:02  Terran Vehicle And Ship Armor Level 1, Terran Vehicle Weapons Level 1  
  62  6:10  Orbital Command  
  62  6:15  Thor  
  70  6:22  Factory Reactor x2  
  70  6:23  Missile Turret  
  75  6:59  Refinery x2  
  75  7:02  Thor  
  75  7:03  Hellion x4  
  89  7:14  Factory x3  
  92  7:28  Command Center  
  93  7:31  Hellion x3  
  93  7:32  Infernal Pre-Igniter  
  101  7:58  Terran Vehicle Weapons Level 2, Terran Vehicle And Ship Armor Level 2  
  101  8:01  Hellion x3, Thor  
  115  8:19  Factory Tech Lab x3  
  129  8:44  Thor  
  135  8:51  Smart Servos, Thor  
  135  8:52  Missile Turret  
  147  9:03  Planetary Fortress  
  147  9:14  Thor  
  147  9:15  Refinery x2  
  159  9:29  Thor  
  171  9:48  Thor  
  183  9:59  Command Center  
Spawning Tool Build Advisor. Get it on Overwolf

Go to:

Details

  • Created by: Paturuzu
  • Published on: Oct 21, 2019
  • Modified on: Oct 21, 2019
  • Patch: 4.7.1
Show
View Real Time Build Order
Export as new Build Order

Comments (0)

There are no comments. Be the first!

Create an account to comment!